 Dungeon Crawl Stone Soup version 0.21-a0-583-g2c32b0f (webtiles) character file.

1180 Lasiace the Protected (level 8, -1/63 HPs)
             Began as a Gnoll Wanderer on Dec 19, 2017.
             Was a Follower of Cheibriados.
             Killed from afar by an orc sorcerer (36 damage)
             ... with a bolt of negative energy
             ... in a bailey.
             The game lasted 00:22:35 (6174 turns).

Lasiace the Protected (Gnoll Wanderer)              Turns: 6174, Time: 00:22:36

Health: -1/63      AC: 13    Str: 19    XL:     8   Next: 42%
Magic:  9/12       EV:  7    Int: 13    God:    Cheibriados [*.....]
Gold:   240        SH:  5    Dex: 20    Spells: 13/13 levels left

rFire    . . .     SeeInvis .   b - +2 shortbow
rCold    . . .     Gourm    .   (shield currently unavailable)
rNeg     . . .     Faith    .   d - +0 plate armour
rPois    .         Spirit   .   (no helmet)
rElec    .         Reflect  +   (no cloak)
rCorr    +         Harm     .   (no gloves)
MR       .....                  (no boots)
Stlth    ..........             U - +5 amulet of reflection
HPRegen  0.20/turn              I - ring of resist corrosion
MPRegen  0.13/turn              (no ring)

@: about to teleport, drained, very slow
A: distributed training, fangs 1, strong nose
a: Bend Time, Renounce Religion


You were in a bailey.
You worshipped Cheibriados.
Cheibriados was aware of your devotion.
You were not hungry.

You visited 2 branches of the dungeon, and saw 8 of its levels.
You also visited: Bailey.

You collected 240 gold pieces.

Inventory:

Hand Weapons
 a - a +1 trident of piercing
 b - a +2 shortbow (weapon)
Missiles
 g - 136 arrows (quivered) {@Q2 @f2}
Armour
 d - a +0 plate armour (worn)
Jewellery
 I - a ring of resist corrosion (left hand)
 U - a +5 amulet of reflection (around neck)
Wands
 u - a wand of digging (8)
Scrolls
 c - 2 scrolls of teleportation {@r3 !r}
 e - a scroll of identify {@r4}
 i - a scroll of fear {unknown}
 j - 5 scrolls of blinking {unknown}
 l - 2 scrolls of magic mapping {unknown}
 m - 2 scrolls of enchant armour {unknown}
 n - 3 scrolls of remove curse {unknown}
 o - a scroll of immolation {unknown}
 t - 2 scrolls of enchant weapon {unknown}
Potions
 k - 2 potions of curing {@q2}
 p - a potion of mutation {!q}
 q - 3 potions of heal wounds {@q1}
 r - 2 potions of resistance
 s - a potion of ambrosia
Books
 B - a book of Changes

   Spells                             Type                      Level
   a - Beastly Appendage              Transmutation                1
   b - Sticks to Snakes               Transmutation                2
   c - Spider Form                    Transmutation/Poison         3
   d - Ice Form                       Ice/Transmutation            4
   e - Blade Hands                    Transmutation                5
 E - a book of Misfortune

   Spells                             Type                      Level
   a - Confusing Touch                Hexes                        1
   b - Confuse                        Hexes                        3
   c - Gell's Gravitas                Translocation                3
   d - Petrify                        Transmutation/Earth          4
   e - Metabolic Englaciation         Hexes/Ice                    5
   f - Yara's Violent Unravelling     Hexes/Transmutation          5
 G - a book of Flames

   Spells                             Type                      Level
   a - Flame Tongue                   Conjuration/Fire             1
   b - Throw Flame                    Conjuration/Fire             2
   c - Conjure Flame                  Conjuration/Fire             3
   d - Inner Flame                    Hexes/Fire                   3
   e - Sticky Flame                   Conjuration/Fire             4
   f - Fireball                       Conjuration/Fire             5
Comestibles
 f - 9 rations


   Skills:
 + Level 5.6(4.9) Fighting
 + Level 3.2(2.5) Short Blades
 + Level 3.2(2.5) Long Blades
 + Level 3.2(2.5) Axes
 + Level 3.2(2.5) Maces & Flails
 + Level 3.2(2.5) Polearms
 + Level 3.2(2.5) Staves
 + Level 3.2(2.5) Slings
 + Level 5.6(4.9) Bows
 + Level 3.2(2.5) Crossbows
 + Level 4.1(3.5) Throwing
 + Level 9.1(8.4) Armour
 + Level 3.2(2.5) Dodging
 + Level 3.2(2.5) Stealth
 + Level 3.2(2.5) Shields
 + Level 3.2(2.5) Unarmed Combat
 + Level 3.2(2.5) Spellcasting
 + Level 2.6(1.9) Conjurations
 + Level 2.6(1.9) Hexes
 + Level 2.6(1.9) Charms
 + Level 2.6(1.9) Summonings
 + Level 2.6(1.9) Necromancy
 + Level 2.6(1.9) Translocations
 + Level 2.6(1.9) Transmutations
 + Level 2.6(1.9) Fire Magic
 + Level 2.6(1.9) Ice Magic
 + Level 2.6(1.9) Air Magic
 + Level 2.6(1.9) Earth Magic
 + Level 2.6(1.9) Poison Magic
 + Level 3.5(2.8) Invocations
 + Level 4.1(3.5) Evocations


You had 13 spell levels left.
You didn't know any spells.

Dungeon Overview and Level Annotations

Branches:
Dungeon (7/15)             Temple (1/1) D:5

Altars:
Cheibriados
Elyvilon
Gozag
Hepliaklqana
Kikubaaqudgha
Okawaru
Ru
Uskayaw
Vehumet
Wu Jian
Xom
Yredelemnul
The Shining One

Shops:
D:4 :


Innate Abilities, Weirdness & Mutations

Your experience applies equally to all skills.
You have very sharp teeth.
Your uncanny sense of smell can sniff out nearby items.


Message History

The orc sorcerer is lightly wounded.
The orc sorcerer closely misses you.
Really read
c - 3 scrolls of teleportation {@r3 !r}?
Uppercase [Y]es or [N]o only, please.
Really read
c - 3 scrolls of teleportation {@r3 !r}?
As you read the scroll of teleportation {@r3 !r}, it crumbles to dust.
You feel strangely unstable. You block the orc sorcerer's attack.
Okay, then.
Okay, then.
Firing (i - inventory):
g - 137 arrows (quivered)
{@Q2 @f2}
Press: ? - help, Shift-Dir - straight line, f - kobold demonologist, p - orc sorcerer
Aim: a kobold demonologist, wielding a war axe and wearing a ring mail You shoot an arrow {@Q2 @f2}.
The arrow {@Q2 @f2} hits the kobold demonologist.
The kobold demonologist is lightly wounded.
The kobold demonologist gestures wildly while chanting.
The orc sorcerer points at you and mumbles some strange words.
The bolt of negative energy hits you!
You feel drained.
Ouch! That really hurt!
You die...

≈≈≈≈≈.........≈≈≈≈≈≈≈
≈≈≈≈≈≈≈≈...≈≈≈≈≈≈≈≈≈≈
≈≈≈≈≈≈≈≈...≈≈≈≈≈≈≈≈;≈
≈≈≈≈≈≈≈≈...≈≈≈≈≈≈≈≈≈≈
≈≈≈≈≈≈≈≈...≈≈≈≈≈≈≈≈≈≈
####≈≈≈≈...≈≈≈≈######
∆ #...........# ∆
#####'''#####
#..K@5...+ #.go.....+
####44#..⌠..#
#...g5#.....#
#.8.o.#.....#
#.....#######
#.8.########
#.....og.5..
#.8...o.....


You could see a rust devil, a kobold demonologist, an orc sorcerer, a red devil,
a quasit, a shadow imp, an orc and 2 hobgoblins.

Vanquished Creatures
  An orc warrior (Bailey)
  A phantom (D:7)
  2 centaurs
  A big kobold (D:6)
  A scorpion (D:4)
  5 wights (D:7)
  A howler monkey (D:6)
  A centaur skeleton (D:4)
  An orc priest (D:5)
  A bullfrog skeleton (D:5)
  5 orc wizards
  A hound zombie (D:5)
  2 hound skeletons
  A howler monkey zombie (D:5)
  A gnoll (Bailey)
  9 adders
  A shadow imp (D:5)
  3 adder skeletons
  2 worms (D:2)
  A dart slug (D:1)
  2 leopard geckos
  17 orcs
  2 giant cockroaches
  8 goblins
  12 hobgoblins
  9 kobolds
  5 quokkas
  A ball python (D:3)
  6 bats
  6 frilled lizards
  A jackal skeleton (D:4)
  7 rats
117 creatures vanquished.

Vanquished Creatures (others)
  A human (D:2)
  A hobgoblin (Bailey)
2 creatures vanquished.

Grand Total: 119 creatures vanquished

Notes
Turn   | Place    | Note
-------+----------+-------------------------------------------
     0 | D:1      | Lasiace the Gnoll Wanderer began the quest for the Orb.
     0 | D:1      | Lasiace set off with: a +2 shortbow, 29 arrows {@Q2 @f2}, a scroll of teleportation {@r3 !r}, a +0 ring mail, a ration
     0 | D:1      | Reached XP level 1. HP: 20/20 MP: 2/2
   389 | D:1      | Reached XP level 2. HP: 26/26 MP: 3/3
   898 | D:2      | Reached XP level 3. HP: 25/31 MP: 4/4
  1231 | D:2      | Found an ancient bone altar of Kikubaaqudgha.
  1338 | D:2      | Reached skill level 1 in Invocations
  1404 | D:2      | Reached skill level 1 in Short Blades
  1404 | D:2      | Reached skill level 1 in Long Blades
  1404 | D:2      | Reached skill level 1 in Axes
  1404 | D:2      | Reached skill level 1 in Maces & Flails
  1404 | D:2      | Reached skill level 1 in Polearms
  1404 | D:2      | Reached skill level 1 in Staves
  1404 | D:2      | Reached skill level 1 in Slings
  1404 | D:2      | Reached skill level 1 in Crossbows
  1404 | D:2      | Reached skill level 1 in Dodging
  1404 | D:2      | Reached skill level 1 in Stealth
  1404 | D:2      | Reached skill level 1 in Shields
  1404 | D:2      | Reached skill level 1 in Unarmed Combat
  1404 | D:2      | Reached skill level 1 in Spellcasting
  1452 | D:2      | Noticed a human
  1453 | D:2      | Killed a human
  1575 | D:2      | Reached XP level 4. HP: 38/38 MP: 6/6
  2527 | D:3      | Reached skill level 1 in Conjurations
  2527 | D:3      | Reached skill level 1 in Hexes
  2527 | D:3      | Reached skill level 1 in Charms
  2527 | D:3      | Reached skill level 1 in Summonings
  2527 | D:3      | Reached skill level 1 in Necromancy
  2527 | D:3      | Reached skill level 1 in Translocations
  2527 | D:3      | Reached skill level 1 in Transmutations
  2527 | D:3      | Reached skill level 1 in Fire Magic
  2527 | D:3      | Reached skill level 1 in Ice Magic
  2527 | D:3      | Reached skill level 1 in Air Magic
  2527 | D:3      | Reached skill level 1 in Earth Magic
  2527 | D:3      | Reached skill level 1 in Poison Magic
  2776 | D:4      | Reached XP level 5. HP: 43/43 MP: 7/7
  3151 | D:4      | Reached XP level 6. HP: 50/50 MP: 8/8
  3262 | D:4      | Found Olyfaizi's Book Shop.
  3763 | D:5      | Entered Level 5 of the Dungeon
  3792 | D:5      | Reached skill level 5 in Fighting
  3792 | D:5      | Reached skill level 5 in Bows
  4491 | D:5      | Reached XP level 7. HP: 56/56 MP: 10/10
  4752 | D:5      | Found a staircase to the Ecumenical Temple.
  4852 | Temple   | Entered the Ecumenical Temple
  5003 | Temple   | Became a worshipper of Cheibriados the Contemplative
  5352 | D:6      | Found an opulent altar of Gozag.
  5502 | D:7      | Reached skill level 9 in Armour
  5515 | D:7      | Reached XP level 8. HP: 52/63 MP: 12/12
  5569 | D:7      | Found a flagged portal.
  5647 | D:7      | Reached * piety under Cheibriados
  5693 | Bailey   | Entered a bailey
  6160 | Bailey   | Found an iron altar of Okawaru.
  6160 | Bailey   | Noticed an orc sorcerer
  6160 | Bailey   | Noticed a kobold demonologist
  6161 | Bailey   | Noticed a rust devil
  6172 | Bailey   | Noticed a red devil
  6174 | Bailey   | Killed from afar by an orc sorcerer

Vault maps used:
D:1:      noname_arrival_rooms_in_the_neighbourhood
D:2:      tgw_kikubaaqudgha
D:3:      first_ration
D:4:      serial_shops, kennysheep_little_box
D:5:      minmay_temple_entry_nine_rooms, grunt_decor_fettered
D:6:      grunt_gozag_breadcrumbs, uniq_sigmund
D:7:      zin_academy, basic_altar, enter_bailey_2, grunt_ogre_cave
Temple:   hc_temple_tempest_star
Bailey:   bailey_axe_of_yendor_kennysheep, bailey

Skill      XL: |  1  2  3  4  5  6  7  8 |
---------------+-------------------------+-----
Invocations    | 1 2 3 |  3.5
Short Blades   | 1 2 3 |  3.2
Long Blades    | 1 2 3 |  3.2
Axes           | 1 2 3 |  3.2
Maces & Flails | 1 2 3 |  3.2
Polearms       | 1 2 3 |  3.2
Staves         | 1 2 3 |  3.2
Slings         | 1 2 3 |  3.2
Crossbows      | 1 2 3 |  3.2
Dodging        | 1 2 3 |  3.2
Stealth        | 1 2 3 |  3.2
Shields        | 1 2 3 |  3.2
Unarmed Combat | 1 2 3 |  3.2
Spellcasting   | 1 2 3 |  3.2
Conjurations   | 1 2 |  2.6
Hexes          | 1 2 |  2.6
Charms         | 1 2 |  2.6
Summonings     | 1 2 |  2.6
Necromancy     | 1 2 |  2.6
Translocations | 1 2 |  2.6
Transmutations | 1 2 |  2.6
Fire Magic     | 1 2 |  2.6
Ice Magic      | 1 2 |  2.6
Air Magic      | 1 2 |  2.6
Earth Magic    | 1 2 |  2.6
Poison Magic   | 1 2 |  2.6
Throwing       | 3 4 |  4.1
Evocations     | 3 4 |  4.1
Fighting       | 5 |  5.6
Bows           | 5 |  5.6
Armour         | 9 |  9.1

Action                   |  1- 3 |  4- 6 |  7- 9 || total
-------------------------+-------+-------+-------++-------
Melee: Unarmed           |    23 |       |       ||    23
       Club              |    70 |       |       ||    70
       Bite              |    14 |     2 |     7 ||    23
       Hand axe          |    10 |    13 |       ||    23
       Punch             |     1 |       |       ||     1
       Flail             |       |    17 |       ||    17
       Trident           |       |       |    37 ||    37
 Fire: Shortbow          |    21 |   172 |   101 ||   294
Throw: Stone             |    70 |    16 |       ||    86
Invok: Bend Time         |       |       |     1 ||     1
Evoke: Wand              |       |       |     1 ||     1
  Use: Scroll            |       |     5 |     2 ||     7
  Eat: Chunk             |     2 |     9 |     1 ||    12
       Ration            |       |       |     1 ||     1
Armor: Scale mail        |    58 |     8 |       ||    66
       Plate armour      |       |    44 |    58 ||   102
Dodge: Dodged            |    40 |    27 |    28 ||    95
Block: Other             |       |     9 |    28 ||    37
       Reflection        |       |       |     1 ||     1

Table legend:
 A = Spawn XP
 B = Non-spawn XP
 C = Spawn XP percentage of total XP
 D = Spawn monster count
 E = Non-spawn monster count
 F = Spawn count percentage of total count
 G = Total turns spent on level
                    A         B        C        D         E        F      G
               +---------+---------+-------+---------+---------+-------+---------
         Total |       0 |    1687 |   0.0 |       0 |     117 |   0.0 |  6174
               +---------+---------+-------+---------+---------+-------+---------
           D:1 |       0 |      26 |   0.0 |       0 |      15 |   0.0 |   864
           D:2 |       0 |      65 |   0.0 |       0 |      20 |   0.0 |  1149
           D:3 |       0 |      42 |   0.0 |       0 |      18 |   0.0 |   740
           D:4 |       0 |     289 |   0.0 |       0 |      18 |   0.0 |  1010
           D:5 |       0 |     379 |   0.0 |       0 |      22 |   0.0 |  1307
           D:6 |       0 |     199 |   0.0 |       0 |       9 |   0.0 |   273
           D:7 |       0 |     537 |   0.0 |       0 |      10 |   0.0 |   191
        Bailey |       0 |     150 |   0.0 |       0 |       5 |   0.0 |   481
               +---------+---------+-------+---------+---------+-------+---------
